AoeStats
← Dvnielsiii

African Clearing

504216363Analyzed
3v3 RM · 28d ago on Sep 4, 2026· 40m 48s· 6 players
Game mode
Random Map
Map size
Normal (6 player)
Population
200
Speed
Normal
Resources
Standard
Victory
Conquest
Starting age
Dark Age
Ending age
Imperial Age
RankedLock teamsTeams togetherTeam positionsShared explorationLock speedFull tech treeHidden civsTurbo modeCheats
Victory
Defeat
🇳🇱 Gurjaras · Netherlands
1578
+15
🇨🇿 Romans · Czechia
1567
+15
🇩🇪 Vikings · Germany
1535
+17
🇪🇸 Koreans · Spain
1621
-18
🇻🇳 Maya · Vietnam
1550
-16
🇫🇷 Poles · France
1485
-13
iThink
4:45 Loom
11:23 Feudal Age
12:26 Double-Bit Axe
20:30 Castle Age
20:41 Scale Barding Armor
21:39 Bow Saw
21:47 Bloodlines
22:28 Town Watch
22:50 Gold Mining
23:12 Horse Collar
28:29 Wheelbarrow
29:26 Chain Barding Armor
31:12 Forging
32:37 Iron Casting
32:47 Heavy Plow
36:35 Imperial Age
35:34 Husbandry
37:10 Elite Shrivamsha Rider
39:04 Plate Barding Armor
JoPo21
14:00 Feudal Age
14:53 Loom
15:17 Double-Bit Axe
18:06 Castle Age
17:34 Forging
19:33 Scale Barding Armor
19:42 Horse Collar
27:33 Bow Saw
27:53 Stone Mining
27:54 Gold Mining
31:16 Scale Mail Armor
31:53 Iron Casting
31:20 Squires
31:07 Gambesons
32:00 Fletching
32:27 Chain Mail Armor
36:39 Imperial Age
33:55 Town Watch
34:48 Iron Casting
35:41 Bodkin Arrow
35:49 Arson
36:21 Chieftains
37:46 Conscription
38:01 Plate Mail Armor
38:37 Blast Furnace
38:01 Elite Berserk
40:07 Town Patrol
Dvnielsiii
10:10 Loom
12:23 Feudal Age
12:53 Double-Bit Axe
15:11 Fletching
23:03 Castle Age
23:22 Padded Archer Armor
23:40 Bodkin Arrow
23:10 Crossbowman
30:33 Horse Collar
32:09 Wheelbarrow
31:19 Town Watch
32:17 Wheelbarrow
34:05 Bow Saw
34:33 Ballistics
35:27 Hand Cart
39:04 Imperial Age
36:49 Gold Mining
38:49 Masonry
39:11 Scale Barding Armor
39:16 Forging
40:15 Chain Barding Armor
40:07 Bloodlines
39:57 Husbandry
39:19 Light Cavalry
41:35 Chemistry
Cronos
6:22 Loom
13:33 Feudal Age
20:04 Castle Age
19:20 Double-Bit Axe
21:11 Bow Saw
21:12 Town Watch
26:41 Fletching
27:18 Bodkin Arrow
30:40 Ballistics
32:44 Husbandry
34:23 Horse Collar
43:08 Imperial Age
Perel
3:08 Loom
12:15 Feudal Age
12:52 Double-Bit Axe
15:50 Fletching
16:34 Padded Archer Armor
20:54 Town Watch
22:22 Horse Collar
26:03 Castle Age
24:00 Gold Mining
26:08 Crossbowman
26:44 Bodkin Arrow
27:18 Leather Archer Armor
29:33 Heavy Plow
32:41 Husbandry
32:52 Bloodlines
32:48 Scale Barding Armor
32:55 Forging
33:21 Bow Saw
35:27 Chain Barding Armor
38:50 Iron Casting
DALAT_M<O>NGKHAN
4:13 Loom
13:34 Feudal Age
18:03 Castle Age
16:26 Double-Bit Axe
16:35 Stone Mining
18:28 Fletching
24:11 Horse Collar
25:27 Heavy Plow
26:59 Padded Archer Armor
27:31 Bodkin Arrow
28:56 Wheelbarrow
29:43 Bow Saw
29:43 Gold Mining
35:57 Imperial Age
34:14 Scale Mail Armor
34:52 Forging
34:10 Eagle Warrior
35:31 Hand Cart
35:33 Chain Mail Armor
35:29 Arson
35:48 Squires
36:47 Iron Casting
36:52 Elite Eagle Warrior
38:21 Plate Mail Armor
39:49 Blast Furnace
39:47 Bracer
Connection lost

Rejoining the realm…

Still unreachable

The connection could not be restored.

Session expired

The server has moved on; the page needs a fresh start.